 Dungeon Crawl Stone Soup version 0.21-a0-404-g291f19a (webtiles) character file.

7 Hasart the Sneak (level 2, -5/15 HPs)
             Began as a Kobold Enchanter on Oct 31, 2017.
             Slain by a goblin
             ... wielding a +0 mace
              (7 damage)
             ... on level 1 of the Dungeon.
             The game lasted 00:00:40 (104 turns).

Hasart the Sneak (Kobold Enchanter)                  Turns: 104, Time: 00:00:40

Health: -5/15      AC:  2    Str:  5    XL:     2   Next: 10%
Magic:  5/5        EV: 15    Int: 16    God:
Gold:   17         SH:  0    Dex: 15    Spells: 4/5 levels left

rFire    . . .     SeeInvis .   a - +1 dagger
rCold    . . .     Gourm    .   (shield restricted)
rNeg     . . .     Faith    .   b - +0 robe
rPois    .         Spirit   .   (no helmet)
rElec    .         Reflect  .   (no cloak)
rCorr    .         Harm     .   (no gloves)
MR       .....                  (no boots)
Stlth    +++.......             (no amulet)
HPRegen  0.05/turn              (no ring)
MPRegen  0.09/turn              (no ring)

@: no status effects
A: carnivore 3
a: no special abilities


You were on level 1 of the Dungeon.
You were not hungry.

You visited 1 branch of the dungeon, and saw 1 of its levels.

You collected 17 gold pieces.

Inventory:

Hand Weapons
 a - a +1 dagger (weapon)
Armour
 b - a +0 robe (worn)
Books
 c - a book of Maledictions

   Spells                             Type                      Level
   a - Corona                         Hexes                        1
   b - Ensorcelled Hibernation        Hexes/Ice                    2
   c - Confuse                        Hexes                        3
   d - Tukima's Dance                 Hexes                        3
   e - Dazzling Spray                 Conjuration/Hexes            3
Comestibles
 d - a meat ration


   Skills:
 + Level 1.8 Short Blades
 - Level 2.4 Dodging
 - Level 4.0 Stealth
 + Level 2.3 Spellcasting
 * Level 3.2 Hexes


You had 4 spell levels left.
You knew the following spells:

 Your Spells              Type           Power        Failure   Level  Hunger
a - Corona                Hex            ##.....      5%          1    #......


Dungeon Overview and Level Annotations

Branches:
Dungeon (1/15)

Altars:


Innate Abilities, Weirdness & Mutations

You are small and have problems with some larger weapons.
You are carnivorous and can eat meat at any time.


Message History

The goblin drinks a potion.
The goblin seems to grow stronger.
The bat hits you but does no damage.
Found an emerald potion.
The kobold shouts!
The bat misses you.
Found 6 gold pieces.
The bat barely misses you. The bat hits you.
* * * LOW HITPOINT WARNING * * *
The bat hits you but does no damage. The bat hits you.
* * * LOW HITPOINT WARNING * * *
You barely miss the bat. The bat barely misses you.
A dart slug comes into view.
The bat hits you but does no damage. The goblin completely misses you.
The kobold throws a stone.
The stone hits you but does no damage.
You see here a stone.
The bat closely misses you.
You see here 5 large rocks.
The bat closely misses you. The goblin hits you with a mace!
You die...

#........#..#.##..........
#..............w..).......
#............#........###.
#.......................w.
#.........g..(....$.......
#......................#..
#.......gg....##.....#.##.
#......(gK...w##.....#....
#.$....gb@.##.##.....####.
#..........##.##..?..# #.
############ #...... #.
#.###.. #. #. #.. #..†
#..! #... ..... #.....


You could see 2 dart slugs, 3 hobgoblins, 2 goblins, a bat and a kobold.

Vanquished Creatures
  A dart slug (D:1)
  2 giant cockroaches (D:1)
  A hobgoblin (D:1)
  A frilled lizard (D:1)
5 creatures vanquished.

Notes
Turn   | Place    | Note
-------+----------+-------------------------------------------
     0 | D:1      | Hasart the Kobold Enchanter began the quest for the Orb.
     0 | D:1      | Reached XP level 1. HP: 10/10 MP: 3/3
    73 | D:1      | Reached XP level 2. HP: 12/15 MP: 5/5
   104 | D:1      | Slain by a goblin

Vault maps used:
D:1:      dpeg_arrival_arbitrary_c, minmay_misc_feat_encased, st_stairs_14

Action                   || total
-------------------------++-------
Melee: Dagger            ||    34
 Stab: Sleeping          ||     2
Armor: Robe              ||    12
Dodge: Dodged            ||    37

Table legend:
 A = Spawn XP
 B = Non-spawn XP
 C = Spawn XP percentage of total XP
 D = Spawn monster count
 E = Non-spawn monster count
 F = Spawn count percentage of total count
 G = Total turns spent on level
                    A         B        C        D         E        F      G
               +---------+---------+-------+---------+---------+-------+---------
         Total |       0 |      11 |   0.0 |       0 |       5 |   0.0 |   104
               +---------+---------+-------+---------+---------+-------+---------
           D:1 |       0 |      11 |   0.0 |       0 |       5 |   0.0 |   104
               +---------+---------+-------+---------+---------+-------+---------
